 Dungeon Crawl Stone Soup version 0.26.1-2-gb8aa6d0cf2 (webtiles) character file.

Game seed: 15676334230583129684

11963 FishyPogo the Spear-Bearer (level 11, -9/91 HPs)
             Began as a Grey Draconian Fire Elementalist on Feb 22, 2021.
             Was the Champion of Lugonu.
             Killed by an exploding a yak (31 damage)
             ... exploding inner flame
             ... on level 11 of the Dungeon on Feb 23, 2021.
             The game lasted 01:09:45 (13363 turns).

FishyPogo the Spear-Bearer (DrFE)                  Turns: 13363, Time: 01:09:45

Health: -9/91      AC: 17    Str: 15    XL:     11   Next: 56%
Magic:  16/19      EV: 11    Int: 19    God:    Lugonu [******]
Gold:   573        SH: 19    Dex: 13    Spells: 8/21 levels left

rFire    . . .     SeeInvis .   a - +8 demon trident (freeze)
rCold    + . .     Faith    .   R - +4 kite shield of Hesuehuo {rPois Str+4}
rNeg     . . .     Spirit   .   (armour unavailable)
rPois    +         Reflect  +   n - +0 hat {Will+}
rElec    .         Harm     .   w - +2 cloak
rCorr    .         Rampage  .   P - +0 pair of gloves
Will     +....                  c - +0 pair of boots {Fly}
Stlth    ++........             g - amulet of reflection
HPRegen  0.25/turn              x - ring of protection from cold
MPRegen  0.16/turn              (no ring)

@: flying
A: walk through water, unfitting armour, talons 1, clever 1, sense surroundings
1, poison resistance, unbreathing, evolution 1, cold-blooded, AC +12
a: Stop Flying, Renounce Religion, Depart the Abyss, Bend Space, Banish,
Corrupt, Enter the Abyss, Brand Weapon With Distortion


You were on level 11 of the Dungeon.
You worshipped Lugonu.
Lugonu was exalted by your worship.
You visited 1 branch of the dungeon, and saw 11 of its levels.
You also visited: Bailey.

You collected 789 gold pieces.
You spent 216 gold pieces at shops.

Inventory:

Hand Weapons
 a - a +8 demon trident of freezing (weapon)
 b - the +7 spear "Domios" {venom, +Rage rF+}
   (You bought it in a shop on level 4 of the Dungeon)

   It poisons the flesh of those it strikes.
   It protects you from fire.
   It lets you go berserk.
 T - a +2 vampiric halberd
Missiles
 m - 111 stones
 s - 78 boomerangs
 K - 6 javelins
 N - 18 poisoned darts
 Q - 2 throwing nets
Armour
 c - a +0 pair of boots of flying (worn)
 n - a +0 hat of willpower (worn)
 w - a +2 cloak (worn)
 P - a +0 pair of gloves (worn)
 R - the +4 kite shield of Hesuehuo (worn) {rPois Str+4}
   (You took it off a gnoll sergeant on level 5 of the Dungeon)

   It affects your strength (+4).
   It protects you from poison.
Jewellery
 g - an amulet of reflection (around neck)
 q - an uncursed amulet of guardian spirit
 x - a ring of protection from cold (left hand)
 M - an uncursed ring of protection from cold
Wands
 k - a wand of polymorph (21)
 t - a wand of iceblast (20)
 C - a wand of enslavement (17)
 D - a wand of flame (12)
 E - a wand of acid (14)
 L - a wand of digging (5)
 S - a wand of disintegration (20)
Scrolls
 f - 3 scrolls of enchant armour
 h - a scroll of acquirement
 i - a scroll of fear {unknown}
 o - 5 scrolls of teleportation
 p - 4 scrolls of fog
 r - 5 scrolls of remove curse {unknown}
 v - 5 scrolls of blinking
 y - 6 scrolls of identify
 A - 2 scrolls of random uselessness
 F - 2 scrolls of magic mapping
 H - 2 scrolls of amnesia
 U - a scroll of vulnerability
Potions
 d - a potion of lignification
 e - 16 potions of curing
 j - 4 potions of magic
 l - 4 potions of heal wounds
 u - 4 potions of attraction
 z - a potion of experience {unknown}
 B - 2 potions of degeneration {unknown}
 G - 3 potions of might
 I - a potion of mutation
 J - a potion of berserk rage {unknown}
 O - a potion of cancellation {unknown}


   Skills:
 + Level 6.7 Fighting
 - Level 13.0 Polearms
 - Level 2.0 Dodging
 - Level 2.0 Stealth
 * Level 6.4 Shields
 + Level 5.5 Spellcasting
 - Level 6.0 Conjurations
 + Level 9.0 Fire Magic
 + Level 5.2 Invocations


You had 8 spell levels left.
You knew the following spells:

 Your Spells              Type           Power        Failure   Level
c - Foxfire               Conj/Fire      100%         1%          1
d - Sticky Flame          Conj/Fire      33%          16%         4
e - Fireball              Conj/Fire      16%          41%         5
n - Inner Flame           Hex/Fire       22%          17%         3

Your spell library contained the following spells:

 Spells                   Type           Power        Failure   Level
 Conjure Flame            Conj/Fire      33%          4%          3
 Static Discharge         Conj/Air       16%          30%         3
 Animate Skeleton         Necr           10%          34%         1
 Apportation              Tloc           10%          34%         1
 Corona                   Hex            5%           34%         1
 Pain                     Necr           20%          34%         1
 Summon Small Mammal      Summ           20%          34%         1
 Vampiric Draining        Necr           2%           71%         3
 Lightning Bolt           Conj/Air       8%           96%         5
 Animate Dead             Necr           2%           98%         4
 Agony                    Necr           5%           100%        5
 Ignition                 Fire           19%          100%        8
 Shatter                  Erth           2%           100%        9
 Tornado                  Air            2%           100%        9


Dungeon Overview and Level Annotations

Branches:
Dungeon (11/15)            Temple (0/1) D:4            Lair (0/6) D:8
    Orc (0/2) D:9          Bailey (visited)

Altars:
Elyvilon
Qazlal
Sif Muna
Xom
Beogh
Lugonu

Shops:
D:4 *   D:5 *   D:8 (   D:10 *

Annotations:
D:10 1 runed translucent door


Innate Abilities, Weirdness & Mutations

You can walk through water.
Your dull iron-grey scales are very hard. (AC +12)
You cannot fit into any form of body armour.
You can survive without breathing.
You are cold-blooded and may be slowed by cold attacks.
You have sharp toenails.
Your mind is acute. (Int +2)
You passively map a small area around you.
Your system is resistant to poisons. (rPois)
You evolve.


Message History

Confirm with . or Enter, or press ? or * to list all spells.
Aiming: Inner Flame (dangerous; 17% risk of failure)
Press: ? - help, Shift-Dir - straight line, f - yak
Aim: a yak (chance to affect: 78%)
The yak is filled with an inner flame.
You puncture the yak!
Flame seeps out of the yak.
You freeze the yak.
Flame seeps out of the yak.
The yak is lightly wounded.
The yak is engulfed in blazing flames.
Flame seeps out of the yak.
You block the yak's attack.
You puncture the yak!
Flame seeps out of the yak.
You freeze the yak.
Flame seeps out of the yak. x2; You tail-slap the yak.
The yak is severely wounded.
The yak is engulfed in blazing flames.
Flame seeps out of the yak.
You block the yak's attack.
You puncture the yak! You freeze the yak. Lugonu accepts your kill.
The yak explodes!
The fiery explosion engulfs you!!
You die...

#.##.##.###.#####.#
#.#.............Y.#
#.#.#####.#.#####<# #...#
#.#Y# #.#
#...#####.#.#####F##
#...#...#..........#
#...#...#...Y..Y....
#..§##°##.#.##..)...
##########
##.@.§.Y..#.##......
#........#
#.#####Y.#.##.#....
##.######.#
#.................. #...#
#.#####..................
#...###
#....)†........####.####.
......# #.#####........#
*#.# * . ......# #.#
#........# *.. , .
......# #.# #......... .Y
* #....## #.# ##.#####.#


You could see 2 yaks.

Vanquished Creatures
  Gastronok (D:8)
  A boulder beetle (D:10)
  Urug (D:11)
  The ghost of Marvel the Insei, a novice GnTm of Okawaru (D:5)
  Maurice (D:8)
  Psyche (D:8)
  A guardian serpent (D:11)
  2 trolls (D:10)
  2 hornets
  A vampire (D:11)
  A wraith (D:11)
  13 yaks
  A water moccasin (D:6)
  2 sky beasts
  5 orc warriors
  An ice beast (D:11)
  4 ogres
  A necrophage (D:11)
  7 centaurs
  2 big kobolds
  Blork the orc (D:5)
  3 gnoll sergeants
  9 bullfrogs
  4 scorpions
  3 killer bees (D:10)
  A centaur zombie (D:11)
  2 howler monkeys
  A bullfrog zombie (D:5)
  10 orc priests
  6 jellies
  3 hounds
  A gnoll shaman (D:5)
  4 iguanas
  9 orc wizards
  6 worker ants
  2 worker ant zombies
  2 howler monkey zombies
  27 gnolls
  10 adders
  2 shadow imps
  3 white imps
  3 ufetubi
  3 oozes
  An adder skeleton (D:4)
  An adder zombie (D:6)
  A worm (D:6)
  2 dart slugs (D:1)
  5 leopard geckos
  69 orcs
  5 giant cockroaches
  5 goblins
  17 hobgoblins
  4 quokkas
  2 bats
  2 frilled lizards (D:1)
  23 kobolds
  A quokka zombie (D:5)
  5 rats
  A rat zombie (D:5)
  A butterfly (D:4)
309 creatures vanquished.

Vanquished Creatures (others)
  409 foxfires
  7 plants
416 creatures vanquished.

Grand Total: 725 creatures vanquished

Notes
Turn   | Place    | Note
-------+----------+-------------------------------------------
     0 | D:1      | FishyPogo the Draconian Fire Elementalist began the quest
                  | for the Orb.
     0 | D:1      | Reached XP level 1. HP: 14/14 MP: 3/3
   267 | D:1      | Reached skill level 1 in Fighting
   318 | D:1      | Reached XP level 2. HP: 23/23 MP: 3/5
   846 | D:2      | Found a faded altar of an unknown god.
   854 | D:2      | Became a worshipper of Lugonu the Unformed
   854 | D:2      | Reached * piety under Lugonu
   854 | D:2      | Reached ** piety under Lugonu
  1360 | D:2      | Reached XP level 3. HP: 29/29 MP: 3/6
  1448 | D:2      | Reached XP level 4. HP: 23/36 MP: 1/7
  1851 | D:3      | Found a white marble altar of Elyvilon.
  1953 | D:3      | Learned a level 4 spell: Sticky Flame
  2487 | D:3      | Reached XP level 5. HP: 42/42 MP: 4/8
  3476 | D:4      | Found Baffuk's Assorted Antiques.
  3590 | D:4      | Reached XP level 6. HP: 51/51 MP: 4/10
  4221 | D:4      | Found a staircase to the Ecumenical Temple.
  4249 | D:4      | Learned a level 3 spell: Static Discharge
  4402 | D:4      | Reached *** piety under Lugonu
  4611 | D:4      | Your scales start taking on a dull iron-grey colour.
  4611 | D:4      | Reached XP level 7. HP: 34/58 MP: 6/11
  4611 | D:4      | Gained mutation: You can survive without breathing. [Grey
                  | Draconian growth]
  4880 | D:5      | Entered Level 5 of the Dungeon
  4902 | D:5      | Reached skill level 5 in Fire Magic
  5031 | D:5      | Reached skill level 1 in Invocations
  5048 | D:5      | Found a transporter.
  5058 | D:5      | Noticed Marvel's ghost (novice GnTm)
  5110 | D:5      | Identified the +4 kite shield of Hesuehuo {rPois Str+4}
  5114 | D:5      | Found a transporter.
  5237 | D:5      | Found Heunaem's General Store.
  5337 | D:5      | Noticed Blork the orc
  5348 | D:5      | Killed Blork the orc
  5423 | D:5      | Reached skill level 5 in Conjurations
  5671 | D:5      | Found a shimmering blue altar of Sif Muna.
  6039 | D:4      | Bought an ancient spear for 216 gold pieces
  6039 | D:4      | Identified the +7 spear "Domios" {venom, +Rage rF+} (You
                  | bought it in a shop on level 4 of the Dungeon)
  6153 | D:6      | Reached XP level 8. HP: 28/67 MP: 10/13
  6388 | D:5      | Reached skill level 1 in Polearms
  6797 | D:6      | Found a shimmering altar of Xom.
  6903 | D:6      | Reached skill level 2 in Polearms
  7120 | D:6      | Reached **** piety under Lugonu
  7272 | D:6      | Reached skill level 3 in Polearms
  7282 | D:6      | Reached skill level 4 in Polearms
  7639 | D:7      | Reached skill level 5 in Polearms
  7818 | D:7      | Reached skill level 6 in Polearms
  8433 | D:8      | Noticed Maurice
  8700 | D:8      | Noticed Psyche
  8701 | D:8      | Found a flagged portal.
  8708 | D:8      | Killed Psyche
  8709 | D:8      | Reached skill level 7 in Polearms
  8709 | D:8      | Reached XP level 9. HP: 62/72 MP: 2/15
  8718 | Bailey   | Entered a bailey
  8812 | Bailey   | Gained mutation: You are somewhat resistant to further
                  | mutation. [potion of mutation]
  8813 | Bailey   | Lost mutation: You are somewhat resistant to further
                  | mutation. [potion of mutation]
  8813 | Bailey   | Gained mutation: You evolve. [potion of mutation]
  8813 | Bailey   | Gained mutation: You have sharp toenails. [potion of
                  | mutation]
  8813 | Bailey   | Gained mutation: Your system is resistant to poisons.
                  | (rPois) [potion of mutation]
  8813 | Bailey   | Gained mutation: You passively map a small area around you.
                  | [potion of mutation]
  8870 | Bailey   | HP: 1/72 [gnoll/+0 halberd of electrocution (18)]
  9300 | Bailey   | Reached skill level 8 in Polearms
  9348 | Bailey   | Reached ***** piety under Lugonu
  9526 | D:8      | Noticed Gastronok
  9538 | D:8      | Killed Maurice
  9539 | D:8      | Reached skill level 9 in Polearms
  9560 | D:8      | Killed Gastronok
  9561 | D:8      | Reached skill level 12 in Polearms
  9561 | D:8      | Reached XP level 10. HP: 56/80 MP: 13/16
  9766 | D:8      | Found Gonele's Hydra Hut.
  9768 | D:8      | Noticed an eight-headed hydra
 10037 | D:8      | Found a staircase to the Lair.
 10311 | D:8      | Learned a level 5 spell: Fireball
 10428 | D:9      | Reached skill level 5 in Fighting
 10883 | D:5      | Killed Marvel's ghost
 10884 | D:5      | Reached skill level 13 in Polearms
 11256 | D:9      | Found a roughly hewn altar of Beogh.
 11257 | D:9      | Found a staircase to the Orcish Mines.
 11267 | D:9      | Identified a scroll of acquirement
 11267 | D:9      | Acquired a +0 pair of boots of flying
 11878 | D:10     | Entered Level 10 of the Dungeon
 11915 | D:10     | Gained mutation: Your mind is acute. (Int +2) [evolution]
 11975 | D:10     | Learned a level 3 spell: Inner Flame
 12035 | D:10     | Reached XP level 11. HP: 84/89 MP: 3/18
 12208 | D:10     | Noticed a boulder beetle
 12233 | D:10     | Killed a boulder beetle
 12234 | D:10     | Reached skill level 5 in Shields
 12274 | D:10     | Reached skill level 5 in Spellcasting
 12339 | D:10     | Found a stormy altar of Qazlal.
 12379 | D:10     | Found Qith's Assorted Antiques.
 12563 | D:10     | Noticed a deep elf mage
 12563 | D:10     | Noticed a fire giant
 12563 | D:10     | Noticed a yaktaur captain
 12564 | D:10     | Found a runed translucent door.
 12566 | D:10     | Noticed an ettin
 12566 | D:10     | Noticed a wolf spider
 12566 | D:10     | Noticed a yaktaur captain
 12566 | D:10     | Noticed a harpy
 12566 | D:10     | Noticed an ice dragon
 12641 | D:10     | Reached ****** piety under Lugonu
 12920 | D:11     | Noticed Urug
 12929 | D:11     | Killed Urug
 13158 | D:11     | Reached skill level 5 in Invocations
 13334 | D:11     | Noticed a boulder beetle
 13363 | D:11     | Killed by an exploding a yak... exploding inner flame

Illustrated notes

Levels and vault maps discovered:
D:1:      evilmike_arrival_fibonacci_small, layout_rooms
D:2:      layout_basic, serial_forest, infiniplex_forest_clump_tiny,
          infiniplex_forest_clump_curved, infiniplex_forest_clump_medium,
          infiniplex_forest_diagonal, infiniplex_forest_clump_tiny,
          infiniplex_forest_clump_diagonal, infiniplex_forest_lined_room_,
          chequers_ecumenical_altar_grove
D:3:      layout_basic, nicolae_overflow_crystal_walls
D:4:      layout_basic, minmay_temple_entry_butterflies, serial_shops,
          kennysheep_mini
D:5:      layout_gridville, serial_shops, nicolae_shop_crystal,
          gammafunk_ghost_gnarly_gnolls, enter_ossuary_3, lemuel_blue_sif_altar,
          uniq_blork_the_orc
D:6:      layout_gridville, xom_teletrap_fun
D:7:      layout_loops_ring
D:8:      layout_basic, lair_entry_dummy, enter_bailey_6,
          doesnt_shop_hydraphobe, uniq_psyche, uniq_gastronok, uniq_maurice
D:9:      layout_basic, david_orc_5, special_room [special_room_orc]
D:10:     minmay_gate_of_8, layout_basic, serial_shops,
          nicolae_shop_behind_doors, basic_altar, nzn_sisyphean_effort
D:11:     layout_loops_ring, nrook_guardian_serpent_double, uniq_urug

Skill      XL: |  1  2  3  4  5  6  7  8  9 10 11 |
---------------+----------------------------------+-----
Fighting       | 1 2 3 4 5 6 |  6.7
Dodging        | 2 |  2.0
Stealth        | 2 |  2.0
Fire Magic     | 4 5 6 8 9 |  9.0
Conjurations   | 2 3 4 5 6 |  6.0
Spellcasting   | 3 4 5 |  5.5
Invocations    | 2 4 5 |  5.2
Polearms       | 7 12 13 | 13.0
Shields        | 4 6 |  6.4

Action                   |  1- 3 |  4- 6 |  7- 9 | 10-12 || total
-------------------------+-------+-------+-------+-------++-------
Melee: Unarmed           |    20 |       |       |       ||    20
       Tailslap          |     9 |    14 |    19 |    27 ||    69
       Dagger            |    35 |    92 |    66 |       ||   193
       Spear             |       |       |   163 |   267 ||   430
       Kick              |       |       |     5 |    17 ||    22
       Demon trident     |       |       |       |    72 ||    72
 Cast: Foxfire           |    29 |    74 |   106 |    77 ||   286
       Sticky Flame      |       |       |     1 |     4 ||     5
       Inner Flame       |       |       |       |     8 ||     8
Invok: Bend Space        |       |     1 |     1 |       ||     2
  Use: Scroll            |       |     4 |     7 |     5 ||    16
       Potion            |       |     2 |     5 |       ||     7
 Stab: Sleeping          |     3 |     2 |     2 |     5 ||    12
       Distracted        |       |     1 |       |     1 ||     2
       Invisible         |       |       |     1 |       ||     1
Armor: Skin              |    11 |    20 |    58 |    24 ||   113
Dodge: Dodged            |    18 |    49 |   136 |    46 ||   249
Block: Other             |     8 |    12 |    49 |     2 ||    71
       Reflection        |       |     1 |    10 |     8 ||    19
       Kite shield       |       |       |       |    87 ||    87
